 Dungeon Crawl Stone Soup version 0.29-a0-219-g0a02b1cf4f (console) character file.

Game seed: 9258629036567455409

458 stickyfingers the Charlatan (level 6, -2/35 HPs)
             Began as a Deep Elf Artificer on Feb 25, 2022.
             Was a Priest of Nemelex Xobeh.
             Killed by divine providence
             ... invoked by an orc priest
              (8 damage)
             ... on level 5 of the Dungeon.
             The game lasted 00:08:16 (7042 turns).

stickyfingers the Charlatan (Deep Elf Artificer)    Turns: 7042, Time: 00:08:16

Health: -2/35      AC:  7    Str:  9    XL:     6   Next: 77%
Magic:  8/8        EV: 11    Int: 20    God:    Nemelex Xobeh [***...]
Gold:   227        SH:  5    Dex: 17    Spells: 5/5 levels left

rFire   . . .      SeeInvis .   v - +10 dagger {pain, Contam rCorr Int+4}
rCold   . . .      Faith    .   D - orb {light}
rNeg    . . .      Spirit   .   s - +0 ring mail
rPois   .          Reflect  +   h - +1 helmet
rElec   .          Harm     .   (no cloak)
rCorr   +          Rampage  .   (no gloves)
Will    .....                   (no boots)
Stlth   +.........              p - amulet of reflection
HPRegen 0.11/turn               f - ring of flight
MPRegen 0.11/turn               (no ring)

@: flying, glowing
A: no striking features
a: Renounce Religion, Draw Escape, Draw Destruction, Draw Summoning, Triple Draw


You were on level 5 of the Dungeon.
You worshipped Nemelex Xobeh.
Nemelex Xobeh was most pleased with you.
You visited 1 branch of the dungeon, and saw 5 of its levels.

You collected 227 gold pieces.

Inventory:

Hand Weapons
 v - the +10 dagger of the Postmodern Mystics (weapon) {pain, Contam rCorr Int+4}
   (You found it on level 2 of the Dungeon)

   In the hands of one skilled in necromantic magic, it inflicts extra damage on
   living creatures.
   Int:       It affects your intelligence (+4).
   Contam:    It causes magical contamination when unequipped.
   rCorr:     It protects you from acid and corrosion.
 C - a +2 dagger of speed
   (You took it off a kobold on level 4 of the Dungeon)
Missiles
 a - 7 poisoned darts
 i - 151 stones (quivered)
Armour
 h - a +1 helmet (worn)
   (You found it on level 3 of the Dungeon)
 s - a +0 ring mail (worn)
   (You found it on level 2 of the Dungeon)
 D - an orb of light (worn)
   (You found it on level 3 of the Dungeon)
Jewellery
 f - a ring of flight (left hand)
   (You found it on level 3 of the Dungeon)
 p - an amulet of reflection (around neck)
   (You found it on level 1 of the Dungeon)
 u - an amulet of faith
   (You found it on level 2 of the Dungeon)
Wands
 c - a wand of flame (12)
 d - a wand of charming (14)
Scrolls
 g - 3 scrolls of teleportation {unknown}
 j - 2 scrolls of identify {unknown}
 m - a scroll of enchant armour {unknown}
 n - a scroll of immolation {unknown}
 q - 2 scrolls of noise {unknown}
 r - a scroll of holy word {unknown}
 x - a scroll of vulnerability {unknown}
 y - 2 scrolls of amnesia {unknown}
 z - a scroll of magic mapping {unknown}
 A - 2 scrolls of enchant weapon {unknown}
 B - a scroll of fear {unknown}
Potions
 b - a potion of flight {unknown}
 k - a potion of brilliance {unknown}
 l - 3 potions of curing {unknown}
 o - 2 potions of resistance {unknown}
 t - a potion of attraction {unknown}
 w - a potion of lignification {unknown}
Miscellaneous
 e - a piece from Xom's chessboard (15/15)


   Skills:
 + Level 2.0 Fighting
 * Level 4.2 Short Blades
 - Level 0.7 Armour
 + Level 3.8 Dodging
 - Level 1.2 Stealth
 + Level 2.5 Necromancy
 - Level 5.0 Evocations


You had 5 spell levels left.
You didn't know any spells.
Your spell library contained the following spells:

 Spells                   Type           Power      Damage    Failure   Level
 Ensorcelled Hibernation  Hex/Ice        0%         N/A       63%         2
 Passwall                 Tmut/Erth      0%         N/A       63%         2
 Dazzling Flash           Conj/Hex       0%         N/A       85%         3
 Swiftness                Air            0%         N/A       85%         3
 Iskenderun's Mystic Bla  Conj/Tloc      0%         2d3       99%         4
 Blade Hands              Tmut           0%         N/A       100%        5
 Irradiate                Conj/Tmut      0%         3d13      100%        5
 Starburst                Conj/Fire      0%         6d3       100%        6
 Dragon Form              Tmut           0%         N/A       100%        7


Dungeon Overview and Level Annotations

Branches:
Dungeon (5/15)
 Temple: D:4-7

Altars:
Nemelex Xobeh
Okawaru
Ru
Uskayaw
Wu Jian


Message History

You see here an orb of light.
You start putting on your armour.
You continue putting on your orb of light. x4
You finish putting on your orb of light.
Unknown command.
Things that are here:
a +0 whip; a gnoll skeleton Done exploring.
Done exploring.
Search for what [Enter for "d:", or ? for help]?
Unknown command.
(D) Dungeon
Where to? (Enter - D:3 @ (x,y), ? - help)
There is a stone staircase leading down here.
You fly downwards.
There is a stone staircase leading up here.
Unknown command.
Done exploring.
Done exploring.
Done exploring.
(D) Dungeon
Where to? (Enter - D:4, ? - help)
There is a stone staircase leading down here.
You fly downwards.
The iguana hisses angrily.
The orc shouts!
You hear a shout! x2
Found a dented sapphire amulet, a short sword and 13 gold pieces.
Found a stone staircase leading down.
There is a stone staircase leading up here.
There are monsters nearby!
Unknown command.
An orc comes into view. It is wielding a +0 falchion.
The quokka bites you but does no damage.
The iguana barely misses you.
You fly upwards.
There is a stone staircase leading down here.
You hit the iguana but do no damage.
The iguana writhes in agony.
The iguana is lightly wounded.
The quokka bites you but does no damage.
The iguana misses you.
You hit the iguana.
The iguana writhes in agony.
The iguana is severely wounded.
The quokka barely misses you. The iguana barely misses you.
You hit the iguana.
The iguana writhes in agony.
The iguana is almost dead.
The quokka bites you. The iguana bites you.
You barely miss the iguana.
The iguana is almost dead.
The quokka misses you. The iguana completely misses you.
You hit the iguana.
You kill the iguana!
The quokka bites you but does no damage.
Your Fighting skill increases to level 2!
You hit the quokka.
The quokka writhes in agony.
The quokka is heavily wounded.
The quokka barely misses you.
You puncture the quokka!
You kill the quokka!
No target in view!
No target in view!
No target in view!
HP restored.
Done exploring.
Done exploring.
Done exploring.
Done exploring.
Done exploring.
(D) Dungeon
Where to? (Enter - D:5, ? - help)
You fly downwards.
The orc shouts!
The orc barely misses you.
An adder comes into view.
The orc completely misses you.
There is a stone staircase leading up here.
You barely miss the orc. You block the orc's attack.
You puncture the orc!
You kill the orc!
Found a green potion.
An orc priest comes into view. It is wielding a +0 trident.
The orc hits you but does no damage.
You completely miss the orc.
The orc priest shouts!
An orc comes into view. It is wielding a +0 whip.
The orc priest invokes the aid of Beogh against you.
Beogh smites you! The orc hits you but does no damage.
You puncture the adder!
The adder writhes in agony.
You kill the adder!
The orc misses you.
You completely miss the orc. The orc completely misses you.
The orc hits you but does no damage.
You barely miss the orc.
The orc priest invokes the aid of Beogh against you.
Beogh smites you!
* * * LOW HITPOINT WARNING * * *
The orc hits you but does no damage. The orc barely misses you.
There is a stone staircase leading up here.
The orc priest invokes the aid of Beogh against you.
Beogh smites you!
You die...
Your body disappears without additional glow.

⌠.# ..........
.... ...........
....##..........
#..............
.#....".........
................
................
..!.#.@).......
......>oo..o....
.............##.
......##...##...
...... ...)$# ##
...#.. ....o..
..### ##.....##
.. .......
....####


You could see an orc priest and 3 orcs.

Vanquished Creatures
  A black bear (D:4)
  A phantom (D:4)
  A jelly (D:3)
  An iguana (D:4)
  7 gnolls (D:3 D:4)
  8 adders (D:2 D:3 D:4 D:5)
  3 worms (D:2 D:3)
  3 dart slugs (D:2 D:4)
  6 orcs (D:3 D:4 D:5)
  9 ball pythons (D:1 D:2 D:3 D:4)
  9 bats (D:1 D:2 D:3)
  3 endoplasms (D:1 D:2)
  3 giant cockroaches (D:1 D:4)
  5 hobgoblins (D:1 D:2 D:3)
  3 jackals (D:1)
  7 quokkas (D:1 D:2 D:3 D:4)
  3 frilled lizards (D:1 D:3)
  4 goblins (D:2 D:3)
  9 kobolds (D:1 D:2 D:3 D:4)
  8 rats (D:1 D:2)
94 creatures vanquished.

Vanquished Creatures (collateral kills)
  A jackal (D:1)
1 creature vanquished.

Vanquished Creatures (others)
  A giant cockroach (D:1)
  3 plants (D:3)
4 creatures vanquished.

Grand Total: 99 creatures vanquished

Notes
Turn   | Place    | Note
-------+----------+-------------------------------------------
     0 | D:1      | stickyfingers the Deep Elf Artificer began the quest for
                  | the Orb.
     0 | D:1      | Reached XP level 1. HP: 11/11 MP: 3/3
   716 | D:1      | Reached XP level 2. HP: 8/16 MP: 4/4
   924 | D:1      | Found a faded altar of an unknown god.
   946 | D:1      | Prayed at the altar of an unknown god.
   946 | D:1      | Became a worshipper of Nemelex Xobeh the Trickster
   946 | D:1      | Reached * piety under Nemelex Xobeh
   950 | D:1      | Reached skill level 4 in Evocations
  1097 | D:1      | Received a gift from Nemelex Xobeh
  1255 | D:1      | HP: 4/16 [jackal (1)]
  2277 | D:1      | Reached XP level 3. HP: 15/20 MP: 5/5
  3024 | D:2      | Reached skill level 5 in Evocations
  3066 | D:2      | Identified the +10 dagger of the Postmodern Mystics {pain,
                  | Contam rCorr Int+4}
  3145 | D:2      | Reached ** piety under Nemelex Xobeh
  3170 | D:2      | Reached skill level 1 in Short Blades
  3174 | D:2      | Reached XP level 4. HP: 18/24 MP: 6/6
  3181 | D:2      | HP: 6/24 [worm (9)]
  3449 | D:2      | Reached skill level 2 in Short Blades
  3619 | D:2      | Received a gift from Nemelex Xobeh
  4030 | D:3      | Reached skill level 1 in Fighting
  4560 | D:3      | Reached skill level 1 in Necromancy
  4560 | D:3      | Reached XP level 5. HP: 24/29 MP: 7/7
  4729 | D:3      | Received a gift from Nemelex Xobeh
  4753 | D:3      | Found an iron altar of Okawaru.
  4906 | D:3      | HP: 6/29 [gnoll/+6 trident (9)]
  4908 | D:3      | Reached skill level 3 in Short Blades
  4908 | D:3      | Reached skill level 3 in Dodging
  5250 | D:3      | Found an ornate altar of the Wu Jian Council.
  5371 | D:3      | Reached *** piety under Nemelex Xobeh
  5379 | D:3      | Received a gift from Nemelex Xobeh
  5444 | D:3      | Found a sacrificial altar of Ru.
  5450 | D:3      | Found a hide-covered altar of Uskayaw.
  5797 | D:4      | Noticed a black bear
  5800 | D:4      | Killed a black bear
  5801 | D:4      | Reached XP level 6. HP: 34/34 MP: 8/8
  5882 | D:4      | Reached skill level 2 in Necromancy
  6320 | D:4      | Received a gift from Nemelex Xobeh
  6418 | D:4      | Reached skill level 4 in Short Blades
  7001 | D:5      | Entered Level 5 of the Dungeon
  7013 | D:4      | Reached skill level 2 in Fighting
  7040 | D:5      | HP: 6/35 [orc priest/divine providence (16)]
  7042 | D:5      | Killed from afar by an orc priest

Illustrated notes

Levels and vault maps discovered:
D:1:      dpeg_arrival_tiny_h, layout_basic, serial_rivers,
          chequers_serial_rivers_room_b, chequers_serial_rivers_room_b,
          chequers_serial_rivers_micro_d, chequers_serial_rivers_micro_e,
          shapermc_ecumenical_altar_totnotflames
D:2:      layout_loops_ring, minmay_diced_spiral
D:3:      layout_loops_ring, nzn_wu_jian_contemplation,
          kennysheep_okawaru_gauntlet, amethyst_overflow_temple_binary,
          serial_bayou_ford_a, nicolae_grassy_gnolls
D:4:      layout_layer_cave
D:5:      layout_cave_pools, nicolae_overflow_squiral,
          minmay_temple_entry_drinking_statues, serial_glass, glass_columns_c,
          glass_columns_a, uniq_menkaure

Skill      XL: |  1  2  3  4  5  6 |
---------------+-------------------+-----
Evocations     | 4 5 |  5.0
Short Blades   | 1 2 3 4 |  4.2
Fighting       | 1 2 |  2.0
Necromancy     | 1 2 |  2.5
Dodging        | 3 |  3.8
Armour         | |  0.7
Stealth        | |  1.2

Action                   |  1- 3 |  4- 6 || total
-------------------------+-------+-------++-------
Melee: Club              |    17 |       ||    17
       Whip              |     9 |       ||     9
       Dagger            |   198 |   139 ||   337
       Punch             |     1 |     3 ||     4
Throw: Stone             |     6 |    21 ||    27
Invok: Draw Destruction  |       |     1 ||     1
Evoke: Wand              |     3 |     1 ||     4
 Stab: Sleeping          |     2 |     1 ||     3
Armor: Leather armour    |    74 |       ||    74
       Ring mail         |    14 |    27 ||    41
Dodge: Dodged            |   179 |    57 ||   236
Block: Other             |    24 |    17 ||    41
       Reflection        |       |     1 ||     1
       Orb               |       |     1 ||     1

Table legend: (Time is in decaauts)
 A = Elapsed time spent in this place.
 B = Non-inter-level travel time spent in this place.
 C = Inter-level travel time spent in this place.
 D = Time resting spent in this place.
 E = Time spent auto-exploring this place.
 F = Levels seen in this place.
 G = Mean time per level.
                   A        B        C        D        E       F      G
               +--------+--------+--------+--------+--------+-----+--------+
         Total |   7043 |   6680 |    363 |    614 |   4863 |   5 | 1408.6 |
       Dungeon |   7043 |   6680 |    363 |    614 |   4863 |   5 | 1408.6 |
               +--------+--------+--------+--------+--------+-----+--------+

Top non-repeatable levels by time:
     D:1: 2911 daAuts
     D:3: 1711 daAuts
     D:4: 1314 daAuts
     D:2: 1092 daAuts
     D:5: 14 daAuts
